AoeStats
← "Nina"

Glade

510970738Analyzed
1v1 RM · 10h ago on Oct 3, 2026· 24m 49s· 2 players
Game mode
Random Map
Map size
Tiny (2 player)
Population
200
Speed
Normal
Resources
Standard
Victory
Conquest
Starting age
Dark Age
Ending age
Imperial Age
RankedLock teamsTeams togetherTeam positionsShared explorationLock speedFull tech treeHidden civsTurbo modeCheats
Victory
Defeat
🇮🇳 Franks · India
731
+16
🇫🇷 Turks · France
722
-16
Sorcor
13:09 Feudal Age
14:22 Feudal Age
14:34 Man-at-Arms
23:08 Wheelbarrow
22:21 Double-Bit Axe
"Nina"
11:27 Feudal Age
11:34 Man-at-Arms
21:01 Castle Age
21:21 Wheelbarrow
20:31 Town Watch
21:21 Long Swordsman
22:01 Squires
Connection lost

Rejoining the realm…

Still unreachable

The connection could not be restored.

Session expired

The server has moved on; the page needs a fresh start.